 Dungeon Crawl Stone Soup version 0.29-a0-914-g906f1d757c (webtiles) character file.

Game seed: 1913600206165933102

910 funkygono the Firebug (level 8, -4/43 HPs)
             Began as a Gargoyle Fire Elementalist on July 26, 2022.
             Was an Initiate of Vehumet.
             Slain by a hornet (11 damage)
             ... on level 6 of the Dungeon.
             The game lasted 00:10:44 (7023 turns).

funkygono the Firebug (Gargoyle Fire Elementalist)  Turns: 7023, Time: 00:10:45

Health: -4/43      AC: 10    Str: 12    XL:     8   Next: 8%
Magic:  5/15       EV: 12    Int: 18    God:    Vehumet [......]
Gold:   518        SH:  0    Dex: 10    Spells: 5/16 levels left

rFire   . . .      SeeInvis .   d - +3 whip (freeze)
rCold   . . .      Faith    .   (no shield)
rNeg    + . .      Spirit   .   a - +0 robe
rPois   ∞          Reflect  .   b - +1 helmet
rElec   +          Harm     .   (no cloak)
rCorr   .          Rampage  .   l - +0 pair of gloves
Will    .....                   (no boots)
Stlth   ++........              (no amulet)
HPRegen 0.14/turn               (no ring)
MPRegen 0.14/turn               (no ring)

@: no status effects
A: sickness immunity, AC +5, negative energy resistance 1, electricity
resistance, torment resistance 1, petrification resistance
a: Renounce Religion


You were on level 6 of the Dungeon.
You worshipped Vehumet.
Vehumet was noncommittal.
You visited 2 branches of the dungeon, and saw 7 of its levels.

You collected 518 gold pieces.

Inventory:

Hand Weapons
 d - a +3 whip of freezing (weapon)
 g - a +0 mace
 h - a +0 whip of venom
Armour
 a - a +0 robe (worn)
 b - a +1 helmet (worn)
 l - a +0 pair of gloves (worn)
Wands
 i - a wand of flame (6)
Scrolls
 e - a scroll of silence {unknown}
 o - 4 scrolls of teleportation
 p - a scroll of fear
 q - a scroll of torment
 u - a scroll of summoning
 v - a scroll of brand weapon {unknown}
Potions
 c - 2 potions of mutation
 f - 3 potions of attraction
 j - a potion of curing
 k - a potion of resistance
 m - 2 potions of lignification
 n - a potion of ambrosia
 r - a potion of might
 s - a potion of flight {unknown}
 t - a potion of brilliance {unknown}


   Skills:
 + Level 1.4 Fighting
 + Level 2.7 Maces & Flails
 + Level 2.6 Dodging
 - Level 2.1 Stealth
 + Level 4.9 Spellcasting
 + Level 3.0 Conjurations
 + Level 5.3 Fire Magic
 * Level 3.1 Earth Magic


You had 5 spell levels left.
You knew the following spells:

 Your Spells              Type           Power      Damage    Failure   Level
a - Foxfire               Conj/Fire      76%        2x1d7     2%          1
b - Scorch                Fire           46%        2d7       2%          2
c - Conjure Flame         Conj/Fire      19%        6-21      8%          3
d - Flame Wave            Conj/Fire      19%        2d6       24%         4
e - Sandblast             Erth           30%        2d9       3%          1

Your spell library contained the following spells:

 Spells                   Type           Power      Damage    Failure   Level
 Shock                    Conj/Air       36%        1d5       7%          1
 Passwall                 Tmut/Erth      8%         N/A       11%         2
 Static Discharge         Conj/Air       9%         3-5/arc   11%         2
 Stone Arrow              Conj/Erth      30%        3d8       11%         3
 Freeze                   Ice            16%        1d4       14%         1
 Inner Flame              Hex/Fire       13%        N/A       14%         3
 Sticky Flame             Conj/Fire      19%        2d4       24%         4
 Swiftness                Air            4%         N/A       38%         3
 Hailstorm                Conj/Ice       9%         3d4       56%         4
 Airstrike                Air            2%         0-2+      80%         4
 Dispel Undead            Necr           4%         3d7       80%         4
 Ice Form                 Ice/Tmut       4%         N/A       80%         4
 Dispersal                Tloc           2%         N/A       100%        6
 Simulacrum               Ice/Necr       2%         N/A       100%        6
 Disjunction              Tloc           2%         N/A       100%        8


Dungeon Overview and Level Annotations

Branches:
Dungeon (6/15)             Temple (1/1) D:5

Altars:
Ashenzari
Cheibriados
Dithmenos
Elyvilon
Fedhas
Gozag
Hepliaklqana
Kikubaaqudgha
Makhleb
Okawaru
Qazlal
Ru
Sif Muna
Trog
Uskayaw
Vehumet
Wu Jian
Xom
Yredelemnul
Zin
The Shining One

Annotations:
D:3 Eustachio
D:4 3 runed translucent doors, Peppero's ghost, amateur DjCj


Innate Abilities, Weirdness & Mutations

You are immune to sickness and miasma.
Your stone body is resilient. (AC +5)
You are immune to poison.
You resist negative energy. (rN+)
You are resistant to electric shocks. (rElec)
You are resistant to unholy torment.
You are immune to petrification.


Message History

Vehumet accepts your kill.
The foxfire hits the hornet.
The hornet is lightly wounded.
The foxfire hits the hornet.
The hornet is moderately wounded.
The hornet stings you.
Casting: Scorch (safe; 2% risk of failure)
Confirm with . or Enter, or press ? or * to list all spells.
You conjure some foxfire!
The hornet stings you but does no damage.
Casting: Foxfire (safe; 2% risk of failure)
Confirm with . or Enter, or press ? or * to list all spells.
You conjure some foxfire!
The foxfire hits the hornet!
The hornet is heavily wounded.
The foxfire hits the hornet.
The hornet is heavily wounded.
The hornet stings you! The hornet misses you.
Casting: Foxfire (safe; 2% risk of failure)
Confirm with . or Enter, or press ? or * to list all spells.
Flames lash the hornet.
The hornet is severely wounded.
The hornet's fire resistance burns away.
The foxfire hits the hornet but does no damage.
The hornet is severely wounded.
The foxfire hits the hornet but does no damage.
The hornet is severely wounded.
The hornet stings you!
Casting: Scorch (safe; 2% risk of failure)
Confirm with . or Enter, or press ? or * to list all spells.
Aiming: Sandblast (safe; 3% risk of failure)
Press: ? - help, Shift-Dir - straight line, f - hornet
Aim: a hornet (severely wounded, more vulnerable to fire, 69% to hit)
The blast of sand misses the hornet.
The hornet stings you. The hornet stings you!
* * * LOW HITPOINT WARNING * * *
The hornet stings you but does no damage.
Casting: Sandblast (safe; 3% risk of failure)
Confirm with . or Enter, or press ? or * to list all spells.
You conjure some foxfire!
The hornet stings you!
You die...

..........<..#
.............
.............+
........<....
........##...#
.<...##.....#
...#....##...#
..... #######
####....##...#
....
##...##...#
###
#.........+
#.......v.#
####.......v@#
#.......##..y#
#.##########'#
###.# ...
###8#.# ...##
......# y...#
......# #.....
......# #.....
.##8### #.....


You could see a hornet (combustible, ally target).

Vanquished Creatures
  A water moccasin (D:5)
  A black bear (D:4)
  An ogre (D:5)
  A phantom (D:5)
  3 scorpions
  2 orc priests
  Terence (D:2)
  2 iguanas
  2 orc wizards (D:5)
  8 adders
  A white imp (D:5)
  An ufetubus (D:6)
  A worm (D:4)
  2 dart slugs
  18 orcs
  11 ball pythons
  6 endoplasms
  6 giant cockroaches
  6 goblins
  9 hobgoblins
  3 jackals
  6 kobolds
  2 quokkas
  6 bats
  A frilled lizard (D:2)
  6 rats
107 creatures vanquished.

Vanquished Creatures (collateral kills)
  2 foxfires (D:1)
2 creatures vanquished.

Vanquished Creatures (others)
  355 foxfires
  3 fungi (D:1)
  5 toadstools (D:1)
363 creatures vanquished.

Grand Total: 472 creatures vanquished

Notes
Turn   | Place    | Note
-------+----------+-------------------------------------------
     0 | D:1      | funkygono the Gargoyle Fire Elementalist began the quest
                  | for the Orb.
     0 | D:1      | Reached XP level 1. HP: 10/10 MP: 3/3
   201 | D:1      | Reached XP level 2. HP: 15/15 MP: 0/5
   944 | D:1      | Reached XP level 3. HP: 19/19 MP: 3/6
   947 | D:1      | Learned a level 2 spell: Scorch
   951 | D:1      | Learned a level 3 spell: Conjure Flame
  1243 | D:2      | Got Sif Muna's Folio of Dimensional Glaciation
  1459 | D:2      | Reached XP level 4. HP: 24/24 MP: 6/8
  1669 | D:2      | Found a faded altar of an unknown god.
  1854 | D:2      | Reached skill level 4 in Fire Magic
  1953 | D:2      | Noticed Terence
  1965 | D:2      | Killed Terence
  1966 | D:2      | Reached skill level 1 in Maces & Flails
  2227 | D:3      | Reached XP level 5. HP: 28/28 MP: 2/9
  3381 | D:4      | Learned a level 4 spell: Flame Wave
  3381 | D:4      | Found a runed translucent gate.
  3381 | D:4      | Found a runed translucent gate.
  3383 | D:4      | Found a runed translucent gate.
  3383 | D:4      | Found a snail-covered altar of Cheibriados.
  3386 | D:4      | Noticed Peppero's ghost (amateur DjCj)
  3395 | D:4      | Noticed Eustachio
  3662 | D:3      | HP: 1/28 [iron imp[Eustachio] (7)]
  3790 | D:4      | Found a hide-covered altar of Uskayaw.
  3791 | D:4      | Found a glowing silver altar of Zin.
  4096 | D:4      | Reached XP level 6. HP: 33/33 MP: 7/11
  4129 | D:4      | Noticed a black bear
  4136 | D:4      | Killed a black bear
  4647 | D:4      | Learned a level 1 spell: Sandblast
  4667 | D:5      | Entered Level 5 of the Dungeon
  4679 | D:4      | Reached skill level 1 in Fighting
  5011 | D:5      | Found a staircase to the Ecumenical Temple.
  5016 | Temple   | Entered the Ecumenical Temple
  5050 | Temple   | Became a worshipper of Vehumet
  5242 | D:5      | Reached XP level 7. HP: 38/38 MP: 8/13
  5484 | D:5      | Reached skill level 1 in Earth Magic
  5515 | D:5      | Found a hazy altar of Hepliaklqana.
  5657 | D:5      | Reached skill level 5 in Fire Magic
  6122 | D:5      | Reached XP level 8. HP: 15/43 MP: 2/15
  7014 | D:6      | Noticed a hornet
  7023 | D:6      | Slain by a hornet

Illustrated notes

Levels and vault maps discovered:
D:1:      dpeg_arrival_brainrot, layout_basic, minmay_gold_behind_fungi
D:2:      minmay_razor_zed, layout_rooms, nicolae_ecumenical_snake_handling,
          uniq_terence
D:3:      layout_basic, nrook_mini_vaults, minmay_surrounded
D:4:      layout_cave_pods, gammafunk_temple_overflow_statue,
          mainiacjoe_overflow_brackets, serial_glass, glass_columns_b,
          glass_columns_b, ebering_ghost_rock_garden, uniq_eustachio
D:5:      layout_loops_corners, nzn_hepliaklqana_mist_gate, temple_doors_e,
          minmay_between
D:6:      layout_gridville, corexii_hall_statues_u, minivault_1, nicolae_titane
Temple:   minmay_crystal_spiral_temple

Skill      XL: |  1  2  3  4  5  6  7  8 |
---------------+-------------------------+-----
Fire Magic     | 4 5 |  5.3
Maces & Flails | 1 2 |  2.7
Spellcasting   | 3 4 |  4.9
Dodging        | 2 |  2.6
Conjurations   | 2 3 |  3.0
Fighting       | 1 |  1.4
Earth Magic    | 3 |  3.1
Stealth        | |  2.1

Action                   |  1- 3 |  4- 6 |  7- 9 || total
-------------------------+-------+-------+-------++-------
Melee: Whip              |    23 |    37 |    14 ||    74
 Cast: Foxfire           |    55 |   109 |    54 ||   218
       Scorch            |       |    10 |     8 ||    18
       Sandblast         |       |     3 |     9 ||    12
  Use: Scroll            |     3 |     9 |     5 ||    17
       Potion            |       |     2 |       ||     2
Armor: Robe              |    10 |    53 |     8 ||    71
Dodge: Dodged            |    11 |    83 |    17 ||   111

Table legend: (Time is in decaauts)
 A = Elapsed time spent in this place.
 B = Non-inter-level travel time spent in this place.
 C = Inter-level travel time spent in this place.
 D = Time resting spent in this place.
 E = Time spent auto-exploring this place.
 F = Levels seen in this place.
 G = Mean time per level.
                   A        B        C        D        E       F      G
               +--------+--------+--------+--------+--------+-----+--------+
         Total |   7043 |   6748 |    295 |    430 |   5415 |   7 | 1006.1 |
       Dungeon |   6833 |   6623 |    210 |    430 |   5311 |   6 | 1138.8 |
        Temple |    209 |    125 |     84 |      0 |    104 |   1 |  209.0 |
               +--------+--------+--------+--------+--------+-----+--------+

Top non-repeatable levels by time:
     D:5: 1650 daAuts
     D:4: 1561 daAuts
     D:3: 1343 daAuts
     D:2: 1110 daAuts
     D:1: 1063 daAuts
  Temple: 209 daAuts
     D:6: 103 daAuts
